 Dungeon Crawl Stone Soup version 0.29-a0-582-ge82337ba6a (webtiles) character file.

Game seed: 12556895789245664297

37 zeratav the Digger (level 3, -6/21 HPs)
             Began as an Octopode Earth Elementalist on June 10, 2022.
             Mangled by Sigmund
             ... wielding a +1 scythe of protection
              (14 damage)
             ... on level 2 of the Dungeon on June 14, 2022.
             The game lasted 00:03:43 (1975 turns).

zeratav the Digger (Octopode Earth Elementalist)    Turns: 1975, Time: 00:03:44

Health: -6/21      AC:  1    Str:  7    XL:     3   Next: 39%
Magic:  3/6        EV: 13    Int: 19    God:
Gold:   59         SH:  0    Dex: 12    Spells: 6/7 levels left

rFire   + . .      SeeInvis .   r - +2 short sword (venom) {short}
rCold   . . .      Faith    .   (no shield)
rNeg    . . .      Spirit   .   (helmet restricted)
rPois   .          Reflect  .   (no amulet)
rElec   .          Harm     .   j - ring of protection from fire
rCorr   .          Rampage  .   (no ring)
Will    .....                   (no ring)
Stlth   +++.......              (no ring)
HPRegen 0.07/turn               (no ring)
MPRegen 0.10/turn               (no ring)
                                (no ring)
                                (no ring)

@: no status effects
A: almost no armour, amphibious, 8 rings, camouflage 1, gelatinous body 1,
(nimble swimmer 1), tentacles
a: no special abilities


You were on level 2 of the Dungeon.
You visited 1 branch of the dungeon, and saw 2 of its levels.

You collected 59 gold pieces.


Innate Abilities, Weirdness & Mutations

You cannot wear most types of armour.
You are amphibious.
You can wear up to eight rings at the same time.
Your skin changes colour to match your surroundings (Stealth+).
Your rubbery body absorbs attacks. (AC +1, EV +1)
((You are camouflaged when in or above water. (Stealth+)))
You have tentacles for arms and can constrict up to eight enemies at once.


   Skills:
 - Level 2.0 Dodging
 - Level 2.6 Stealth
 + Level 2.5 Spellcasting
 - Level 1.0 Transmutations
 * Level 4.0 Earth Magic


You had 6 spell levels left.
You knew the following spells:

 Your Spells              Type           Power      Damage    Failure   Level
a - Sandblast             Erth           34%        2d9       3%          1

Your spell library contained the following spells:

 Spells                   Type           Power      Damage    Failure   Level
 Passwall                 Tmut/Erth      9%         N/A       9%          2
 Stone Arrow              Conj/Erth      20%        3d8       22%         3
 Petrify                  Tmut/Erth      11%        N/A       50%         4

Inventory:

Hand Weapons
 r - a +2 short sword of venom (weapon) {short}
   (You found it on level 2 of the Dungeon)
Missiles
 a - 57 stones {throwing}
Jewellery
 j - a ring of protection from fire (left tentacle)
   (You found it on level 1 of the Dungeon)
Scrolls
 d - 3 scrolls of enchant armour {unknown}
 f - a scroll of vulnerability {unknown}
 h - a scroll of fog {unknown}
 i - a scroll of identify {unknown}
 l - 2 scrolls of silence {unknown}
 n - a scroll of summoning {unknown}
 o - 3 scrolls of noise {unknown}
 p - a scroll of brand weapon {unknown}
Potions
 b - a potion of magic
 c - a potion of lignification {unknown}
 g - 2 potions of degeneration {unknown}
 k - a potion of berserk rage {unknown}
 m - a potion of curing {unknown}
 q - a potion of haste {unknown}

Dungeon Overview and Level Annotations

Branches:
Dungeon (2/15)

Altars:

Annotations:
D:2 Sigmund

#.########## ####
#.##### #... #.#...#
#.##
####'#.#.############.##
#......#..............#.
#......##########.....#.
#......# #....#.......
#....).#####.##.#....##.
#......@.@...##.#....##.
#.....#########.#..÷.##.
#........#..♣.♣.♣.♣.###.
#...................# #.
##.######..#♣#♣.♣.♣## #.
#.##........<#.#.#####.
#.##.#########.#....)..
#.##.........#.#######.
#.##########.#.# #.


You could see Sigmund.


Message History

Sigmund closely misses you.
HP[-2] MP[-1]
You take 2 damage, and now have 6/21 hp.
You lost 1 mp, and now have 2/6 mp.
Casting: Sandblast (safe; 3% risk of failure)
Confirm with . or Enter, or press ? or * to list all spells.
Aiming: Sandblast (safe; 3% risk of failure)
Press: ? - help, Shift-Dir - straight line, f/p - Sigmund
Aim: Sigmund, wielding a +1 scythe of protection and wearing a +0 robe (lightly wounded, 77% to hit)
The blast of sand hits Sigmund.
Sigmund closely misses you. The kobold hits you with a +0 dagger.
* * * LOW HITPOINT WARNING * * *
HP[-1]
You take 1 damage, and now have 5/21 hp.
The kobold attacks as you move away! The kobold barely misses you.
The kobold throws a stone.
The stone misses you.
Sigmund casts a spell.
Sigmund flickers and vanishes!
Deactivating autopickup; reactivate with Ctrl-A.
You see here a +0 whip {mace}.
HP[+1] MP[+1]
The kobold throws a stone.
The stone misses you.
The kobold throws a stone.
The stone hits you.
* * * LOW HITPOINT WARNING * * *
HP[-2]
You take 2 damage, and now have 4/21 hp.
The kobold throws a stone.
The stone hits you.
* * * LOW HITPOINT WARNING * * *
HP[-1]
You take 1 damage, and now have 3/21 hp.
MP[+1]
The kobold throws a stone.
The stone misses you.
HP[+1] Sigmund appears from thin air!
Reactivating autopickup.
The kobold throws a stone.
The stone hits you.
* * * LOW HITPOINT WARNING * * *
HP[-2]
You take 2 damage, and now have 2/21 hp.
The kobold throws a stone.
The stone closely misses you.
Sigmund casts a spell.
Sigmund flickers and vanishes!
Deactivating autopickup; reactivate with Ctrl-A.
MP[+1]
There is an open door here.
HP[+1] MP[+1]
Your mp is fully restored (6).
There is a stone staircase leading up here.
You climb upwards.
Reactivating autopickup.
There is a stone staircase leading down here.
HP[+1]
You start resting.
HP[+17]
Your hp is fully restored (21).
You climb downwards.
Level annotation: Sigmund
There is a stone staircase leading up here.
Sigmund shouts!
Sigmund gestures at you while chanting. The puff of flame hits you. You resist.
HP[-4]
You take 4 damage, and now have 17/21 hp.
Casting: Sandblast (safe; 3% risk of failure)
Confirm with . or Enter, or press ? or * to list all spells.
You can't see any susceptible monsters within range! (Use Z to cast anyway.)
Aiming: Sandblast (safe; 3% risk of failure)
Press: ? - help, Q - select action, (/) - cycle Shift-Dir - straight line, f - you
Okay, then.
Casting: Sandblast (safe; 3% risk of failure)
Confirm with . or Enter, or press ? or * to list all spells.
Aiming: Sandblast (safe; 3% risk of failure)
Press: ? - help, Shift-Dir - straight line, f - Sigmund
Aim: Sigmund, wielding a +1 scythe of protection and wearing a +0 robe (77% to hit)
The blast of sand hits Sigmund but does no damage.
Sigmund barely misses you.
HP[+1] MP[-1]
You lost 1 mp, and now have 5/6 mp.
Casting: Sandblast (safe; 3% risk of failure)
Confirm with . or Enter, or press ? or * to list all spells.
Aiming: Sandblast (safe; 3% risk of failure)
Press: ? - help, Shift-Dir - straight line, f/p - Sigmund
Aim: Sigmund, wielding a +1 scythe of protection and wearing a +0 robe (77% to hit)
The blast of sand hits Sigmund.
Sigmund hits you from afar with a +1 scythe of protection!
* * * LOW HITPOINT WARNING * * *
HP[-10] MP[-1]
You take 10 damage, and now have 8/21 hp.
MASSIVE DAMAGE!! (PAUSE)
You lost 1 mp, and now have 4/6 mp.
Casting: Sandblast (safe; 3% risk of failure)
Confirm with . or Enter, or press ? or * to list all spells.
Aiming: Sandblast (safe; 3% risk of failure)
Press: ? - help, Shift-Dir - straight line, f/p - Sigmund
Aim: Sigmund, wielding a +1 scythe of protection and wearing a +0 robe (lightly wounded, 77% to hit)
The blast of sand hits Sigmund but does no damage.
Sigmund hits you from afar with a +1 scythe of protection!
Ouch! That really hurt!
You die...

Skill      XL: |  1  2  3 |
---------------+----------+-----
Earth Magic    | 4 |  4.0
Dodging        | |  2.0
Stealth        | |  2.6
Spellcasting   | |  2.5
Transmutations | |  1.0

Action                   || total
-------------------------++-------
Melee: Whip              ||    40
       Constrict         ||    10
       Tentacles         ||    13
       Short sword       ||     4
 Cast: Sandblast         ||    16
 Stab: Sleeping          ||     9
Armor: Skin              ||     8
Dodge: Dodged            ||    40

Levels and vault maps discovered:
D:1:      dpeg_arrival_pits, layout_rooms, basic_ecumenical_altar,
          minmay_misc_feat_square
D:2:      layout_basic, serial_forest, infiniplex_forest_clump_double,
          infiniplex_forest_end_3, infiniplex_forest_lined_2,
          infiniplex_forest_corner_1, infiniplex_forest_clump_tiny,
          infiniplex_forest_clump_double, hangedman_decor_opposing,
          lexackson_kobold_supper, uniq_sigmund

Notes
Turn   | Place    | Note
-------+----------+-------------------------------------------
     0 | D:1      | zeratav the Octopode Earth Elementalist began the quest for
                  | the Orb.
     0 | D:1      | Reached XP level 1. HP: 11/11 MP: 3/3
     0 | D:1      | magus.rc [v1.9.6]
    25 | D:1      | Found a faded altar of an unknown god.
    59 | D:1      | HP: 2/11 [frilled lizard (3)]
   542 | D:1      | Reached XP level 2. HP: 17/17 MP: 5/5
  1035 | D:2      | Upgraded the game from 0.29-a0-559-g359e09b9d1 to
                  | 0.29-a0-575-g0dc89cf053
  1035 | D:2      | magus.rc [v1.9.6]
  1035 | D:2      | magus.rc [v1.9.6]
  1035 | D:2      | Upgraded the game from 0.29-a0-575-g0dc89cf053 to
                  | 0.29-a0-582-ge82337ba6a
  1035 | D:2      | magus.rc [v1.9.6]
  1278 | D:2      | Reached XP level 3. HP: 17/21 MP: 6/6
  1657 | D:2      | Noticed Sigmund
  1660 | D:2      | Reached skill level 4 in Earth Magic
  1665 | D:2      | HP: 5/21 [kobold/+0 dagger (1)]
  1680 | D:2      | HP: 4/21 [kobold/stone (2)]
  1691 | D:2      | HP: 2/21 [kobold/stone (2)]
  1975 | D:2      | Mangled by Sigmund

Vanquished Creatures
  An adder (D:2)
  A worm (D:2)
  3 bats
  3 endoplasms
  A giant cockroach (D:2)
  3 goblins (D:1)
  A hobgoblin (D:2)
  A quokka (D:2)
  4 ball pythons
  2 frilled lizards
  3 kobolds
  A rat (D:1)
24 creatures vanquished.

Vanquished Creatures (others)
  6 plants (D:2)
6 creatures vanquished.

Grand Total: 30 creatures vanquished

Table legend:
 A = Non-vault XP
 B = Vault XP
 C = Vault XP percentage of total XP
 D = Non-vault monster count
 E = Vault monster count
 F = Vault count percentage of total count
                 A         B        C        D         E       F
            +---------+---------+-------+---------+---------+-------
      Total |      53 |       0 |   0.0 |      24 |       0 |   0.0
            +---------+---------+-------+---------+---------+-------
        D:1 |      20 |       0 |   0.0 |      12 |       0 |   0.0
        D:2 |      33 |       0 |   0.0 |      12 |       0 |   0.0
            +---------+---------+-------+---------+---------+-------

Illustrated notes

Table legend:
 A = Kills in this place as a percentage of kills in entire the game.
 B = Kills by you in this place as a percentage of kills by you in the entire game.
 C = Kills by friends in this place as a percentage of kills by friends in the entire game.
 D = Other kills in this place as a percentage of other kills in the entire game.
 E = Experience gained in this place as a percentage of experience gained in the entire game.
 F = Experience gained in this place divided by the number of levels of this place that you have seen.
                   A       B       C       D       E      F
               +-------+-------+-------+-------+-------+----------------------
         Total | 100.0 | 100.0 |   N/A |   N/A | 100.0 |  26.5
       Dungeon | 100.0 | 100.0 |   N/A |   N/A | 100.0 |  26.5
               +-------+-------+-------+-------+-------+----------------------

Table legend: (Time is in decaauts)
 A = Elapsed time spent in this place.
 B = Non-inter-level travel time spent in this place.
 C = Inter-level travel time spent in this place.
 D = Time resting spent in this place.
 E = Time spent auto-exploring this place.
 F = Levels seen in this place.
 G = Mean time per level.
                   A        B        C        D        E       F      G
               +--------+--------+--------+--------+--------+-----+--------+
         Total |   1987 |   1966 |     21 |    242 |   1475 |   2 |  993.5 |
       Dungeon |   1987 |   1966 |     21 |    242 |   1475 |   2 |  993.5 |
               +--------+--------+--------+--------+--------+-----+--------+

Top non-repeatable levels by time:
     D:1: 1212 daAuts
     D:2: 774 daAuts
